 Dungeon Crawl Stone Soup version 0.17-a0-2069-g0f4ee5b (webtiles) character file.

89 pk666 the Covered (level 4, -1/40 HPs)
             Began as a Minotaur Fighter on Oct 14, 2015.
             Slain by an orc
             ... wielding a +0 flail
              (2 damage)
             ... on level 3 of the Dungeon.
             The game lasted 00:04:02 (1674 turns).

pk666 the Covered (Minotaur Fighter)                Turns: 1674, Time: 00:04:03

Health: -1/40      AC:  9    Str: 21    XL:     4   Next: 31%
Magic:  3/3        EV:  8    Int:  5    God:
Gold:   94         SH:  9    Dex: 10    Spells: 0 memorised, 3 levels left

rFire  . . .     SeeInvis .     a - +0 war axe
rCold  . . .     Clarity  .     b - +0 scale mail
rNeg   . . .     SustAt   .     c - +0 shield
rPois  .         Gourm    .     (helmet restricted)
rElec  .         Spirit   .     (no cloak)
rCorr  .         Warding  .     l - +0 pair of gloves
rMut   .         Stasis   .     t - +0 pair of boots (curse)
MR     .....                    (no amulet)
Stlth  ..........               (no ring)
                                (no ring)

@: not resistant to hostile enchantments, extremely unstealthy
A: retaliatory headbutt, horns 2
a: no special abilities


You were on level 3 of the Dungeon.
You were hungry.

You visited 1 branch of the dungeon, and saw 3 of its levels.

You collected 94 gold pieces.

Inventory:

Hand Weapons
 a - a +0 war axe (weapon)
Armour
 b - a +0 scale mail (worn)
 c - a +0 shield (worn)
 l - a +0 pair of gloves (worn)
 t - a cursed +0 pair of boots (worn)
Jewellery
 y - an uncursed amulet of resist mutation {unknown}
Scrolls
 f - 2 scrolls of teleportation {unknown}
 i - 3 scrolls of identify {unknown}
 k - a scroll of blinking {unknown}
 m - a scroll of magic mapping {unknown}
 n - a scroll of random uselessness {unknown}
 o - a scroll of remove curse {unknown}
 q - 2 scrolls of enchant weapon {unknown}
 w - a scroll of enchant armour {unknown}
Potions
 d - 2 potions of might
 e - 3 potions of heal wounds {unknown}
 g - 5 potions of curing {unknown}
 j - a potion of flight {unknown}
 p - 2 potions of lignification {unknown}
 r - a potion of haste {unknown}
 v - a potion of degeneration {unknown}
Comestibles
 s - a meat ration
 u - a beef jerky
 x - a bread ration


   Skills:
 + Level 4.3 Fighting
 + Level 3.2 Axes
 + Level 4.7 Armour
 + Level 1.4 Dodging
 + Level 0.5 Stealth
 - Level 3.6 Shields


You had 3 spell levels left.
You didn't know any spells.

Dungeon Overview and Level Annotations

Branches:
Dungeon (3/15)

Altars:


Innate Abilities, Weirdness & Mutations

You reflexively headbutt those who attack you in melee.
You have a pair of horns on your head.


Message History

You see here a tomahawk.
You block the orc warrior's attack.
An orc comes into view. It is wielding an enchanted flail.
The orc shouts!
Found a stone staircase leading up.
You hit the orc. Your headbutt misses the orc.
The orc is heavily wounded.
You barely miss the orc warrior. You block the orc warrior's attack.
The orc hits you but does no damage.
You closely miss the orc.
The orc is heavily wounded.
You barely miss the orc. You closely miss the orc warrior.
You block the orc warrior's attack. You block the orc's attack.
The orc hits you with a flail.
* * * LOW HITPOINT WARNING * * *
You block the orc warrior's attack.
The orc hits you with an enchanted flail.
* * * LOW HITPOINT WARNING * * *
The orc hits you with a flail.
You die...

#......# #. #......# #<
#......#### #.
###.##..... ##. ###
#..)##### .. ..# ###.# #.
#.# #.# #.##.# #.# #
#.o@o# #.# #.######o# #.#
#.[..o..o# ##.## #
####.((##.########...####
+.....o.(...............+
####...##.########...####
##.###.# ##..### # ###
#.# ##.....# #.#
##..###.#


You could see an orc warrior and 3 orcs.

Vanquished Creatures
  4 adders (D:2)
  A worm (D:2)
  8 bats
  4 giant cockroaches
  A goblin (D:2)
  5 hobgoblins
  7 jackals
  4 kobolds
  2 giant newts (D:2)
  3 quokkas
  10 rats
49 creatures vanquished.

Notes
Turn   | Place    | Note
--------------------------------------------------------------
     0 | D:1      | pk666 the Minotaur Fighter began the quest for the Orb.
     0 | D:1      | Reached XP level 1. HP: 19/19 MP: 0/0
   146 | D:1      | Reached XP level 2. HP: 24/27 MP: 1/1
   157 | D:1      | Reached skill level 4 in Armour
   542 | D:2      | Reached skill level 1 in Dodging
   542 | D:2      | Reached XP level 3. HP: 31/33 MP: 2/2
   884 | D:2      | Reached XP level 4. HP: 38/40 MP: 3/3
  1658 | D:3      | Noticed an orc warrior
  1674 | D:3      | HP: 1/40 [orc/enchanted flail (4)]
  1674 | D:3      | Slain by an orc

Vault maps used:
D:1:      saegor_arrival_simple_a
D:2:      nicolae_overflow_hidden_temple
D:3:      nicolae_gozag_seed_capital, first_bread, kennysheep_generic_room_11,
          uniq_grinder

Action                   |  1- 3 |  4- 6 || total
-------------------------+-------+-------++-------
Melee: War axe           |    73 |    28 ||   101
  Eat: Chunk             |       |     2 ||     2
